 Dungeon Crawl Stone Soup version 0.20.0-8-g6b59dc7 (webtiles) character file.

4969 shmeve the Fighter (level 10, 0/94 HPs)
             Began as a Minotaur Berserker on June 1, 2017.
             Was a High Priest of Trog.
             Slain by a two-headed ogre
             ... wielding a +0 giant club
              (18 damage)
             ... on level 8 of the Dungeon.
             The game lasted 00:13:04 (5237 turns).

shmeve the Fighter (Minotaur Berserker)             Turns: 5237, Time: 00:13:05

Health: 0/94       AC: 15    Str: 25    XL:     10   Next: 28%
Magic:  9/9        EV:  9    Int:  4    God:    Trog [*****.]
Gold:   314        SH:  0    Dex: 10    Spells: 9/9 levels left

rFire    + . .     SeeInvis .   w - +8 frozen axe "Frostbite" {freezing cloud, *Noise +Fly rC+}
rCold    + . .     Gourm    .   (shield currently unavailable)
rNeg     . . .     Faith    .   y - +0 plate armour
rPois    +         Spirit   .   (helmet restricted)
rElec    .         Reflect  .   d - +0 cloak
rCorr    .         Harm     +   (no gloves)
MR       .....                  b - +0 pair of boots
Stlth    ..........             E - amulet of harm
Regen    0.3/turn               t - ring of protection from fire
MPRegen  0.2/turn               m - ring of poison resistance

@: berserk cooldown, slowed, very slow
A: retaliatory headbutt, horns 2
a: Berserk, Trog's Hand, Brothers in Arms, Burn Spellbooks, Renounce Religion,
Evoke Flight


You were on level 8 of the Dungeon.
You worshipped Trog.
Trog was extremely pleased with you.
You were not hungry.

You visited 1 branch of the dungeon, and saw 8 of its levels.

You collected 314 gold pieces.

Inventory:

Hand Weapons
 a - a +0 hand axe
 w - the +8 frozen axe "Frostbite" (weapon) {freezing cloud, *Noise +Fly rC+}
   (You found it on level 4 of the Dungeon)

   It has been specially enchanted to freeze those struck by it, causing extra
   injury to most foes and up to half again as much damage against particularly
   susceptible opponents.
   It can also slow down cold-blooded creatures.
   It protects you from cold.
   It lets you fly.
   It may make noises in combat.
Armour
 b - a +0 pair of boots (worn)
 d - a +0 cloak (worn)
 y - a +0 plate armour (worn)
Jewellery
 m - a ring of poison resistance (right hand)
 t - a ring of protection from fire (left hand)
 E - an amulet of harm (around neck)
Wands
 s - a wand of scattershot (4/9)
 D - a wand of paralysis (11/24)
Scrolls
 g - 3 scrolls of remove curse {unknown}
 k - 4 scrolls of identify {unknown}
 o - 3 scrolls of enchant weapon {unknown}
 q - a scroll of enchant armour {unknown}
 r - 2 scrolls of teleportation {unknown}
 u - a scroll of noise {unknown}
 z - a scroll of recharging {unknown}
Potions
 f - 2 potions of lignification {unknown}
 h - 4 potions of curing {unknown}
 j - 2 potions of ambrosia {unknown}
 l - a potion of heal wounds {unknown}
 n - a potion of mutation {unknown}
 x - a potion of might {unknown}
 A - a potion of cancellation {unknown}
 B - a potion of degeneration {unknown}
 C - a potion of agility {unknown}
 G - a potion of haste {unknown}
 I - 2 potions of berserk rage {unknown}
Books
 v - a book of Geomancy

   Spells                             Type                      Level
   a - Sandblast                      Earth                        1
   b - Passwall                       Transmutation/Earth          2
   c - Stone Arrow                    Conjuration/Earth            3
   d - Petrify                        Transmutation/Earth          4
   e - Lee's Rapid Deconstruction     Earth                        5
   Trog disapproves of the use of such an item.
Comestibles
 c - 4 bread rations
 i - 2 meat rations
 p - 15 fruits
 H - 3 chunks of flesh


   Skills:
 * Level 10.4 Fighting
 * Level 10.4 Axes
 + Level 5.6 Throwing
 + Level 6.9 Armour
 + Level 6.7 Dodging


You had 9 spell levels left.
You didn't know any spells.

Dungeon Overview and Level Annotations

Branches:
Dungeon (8/15)             Temple (0/1) D:4
   Lair: D:8-11

Altars:
Ashenzari
Fedhas
Hepliaklqana
Kikubaaqudgha
Makhleb
Nemelex Xobeh
Ru
Trog
Vehumet
The Shining One


Innate Abilities, Weirdness & Mutations

You reflexively headbutt those who attack you in melee.
You have a pair of horns on your head.


Message History

You slice the ice beast!!
You kill the ice beast!
Trog accepts your kill.
Things that are here:
a giant spiked club; a giant club You feel a strong urge to attack something.
A two-headed ogre comes into view. It is wielding two giant clubs.
A hound skeleton comes into view.
Things that are here:
a giant club x2; a two-headed ogre corpse You feel your anger subside.
You are no longer berserk.
You are exhausted.
You feel yourself slow down.
You closely miss the two-headed ogre.
You hear ice grinding.
You headbutt the two-headed ogre, but do no damage.
The two-headed ogre closely misses you.
The two-headed ogre hits you but does no damage.
The two-headed ogre hits you with a giant club!
You die...

#.# #.# #.# #.# #.# #.#
#.# #.# # #<# #Z##.#
#.#############..#.###
#..............#.....#
##############.#)#.#)###
#####....@.......
.......ยง#O#.#....
#####.###..... .. #.
........ .. ......... .#
##.#.##... #. #.#.# ...
#....


You could see a two-headed ogre and a hound skeleton.

Vanquished Creatures
  2 two-headed ogres (D:8)
  Joseph (D:7)
  A hornet (D:7)
  A hornet zombie (D:6)
  2 orc warriors
  An ice beast (D:8)
  3 sky beasts
  3 eyes of draining (D:5)
  6 ogres
  2 centaurs
  A big kobold (D:7)
  2 bullfrogs
  A wyvern zombie (D:6)
  A scorpion (D:5)
  A crimson imp (D:5)
  5 bullfrog zombies
  A hound (D:6)
  2 centaur zombies
  3 orc priests
  A centaur skeleton (D:6)
  8 orc wizards
  2 bullfrog skeletons
  2 iguanas
  6 worker ants
  A hound zombie (D:6)
  2 hound skeletons
  3 worker ant zombies (D:6)
  Robin (D:4)
  9 gnolls
  6 adders
  An adder zombie (D:6)
  4 adder skeletons
  3 worms (D:2)
  5 dart slugs
  6 leopard geckos
  19 orcs
  8 bats
  6 giant cockroaches
  13 goblins
  12 hobgoblins
  12 jackals
  15 kobolds
  3 quokkas
  3 ball pythons
  3 frilled lizards
  2 leopard gecko zombies
  2 quokka skeletons
  A quokka zombie (D:6)
  3 rats
201 creatures vanquished.

Notes
Turn   | Place    | Note
-------+----------+-------------------------------------------
     0 | D:1      | shmeve the Minotaur Berserker began the quest for the Orb.
     0 | D:1      | Reached XP level 1. HP: 19/19 MP: 0/0
    74 | D:1      | Reached XP level 2. HP: 10/27 MP: 1/1
   407 | D:1      | Reached XP level 3. HP: 30/33 MP: 2/2
   644 | D:1      | Reached ** piety under Trog
  1227 | D:2      | Reached skill level 1 in Throwing
  1265 | D:2      | Reached XP level 4. HP: 31/41 MP: 3/3
  1724 | D:2      | Found a burning altar of Makhleb.
  1785 | D:2      | Found a blossoming altar of Fedhas.
  2087 | D:3      | Found a glowing golden altar of the Shining One.
  2227 | D:3      | Found a faded altar of an unknown god.
  2377 | D:4      | Reached skill level 5 in Axes
  2377 | D:4      | Reached XP level 5. HP: 39/47 MP: 4/4
  2378 | D:4      | Found a shattered altar of Ashenzari.
  2382 | D:4      | Reached skill level 5 in Fighting
  2528 | D:4      | Noticed an ogre
  2535 | D:4      | Killed an ogre
  2535 | D:4      | Reached XP level 6. HP: 56/56 MP: 0/5
  2576 | D:4      | Found a staircase to the Ecumenical Temple.
  2848 | D:4      | Found a sparkling altar of Nemelex Xobeh.
  2855 | D:4      | Noticed Robin
  2865 | D:4      | Killed Robin
  2871 | D:4      | Reached *** piety under Trog
  2908 | D:4      | Found a radiant altar of Vehumet.
  3283 | D:5      | Entered Level 5 of the Dungeon
  3291 | D:5      | Reached XP level 7. HP: 61/63 MP: 6/6
  3648 | D:5      | Reached XP level 8. HP: 50/73 MP: 7/7
  3883 | D:5      | Found a bloodstained altar of Trog.
  3888 | D:5      | Reached skill level 5 in Armour
  4034 | D:6      | Found an ancient bone altar of Kikubaaqudgha.
  4088 | D:6      | Reached **** piety under Trog
  4107 | D:6      | Reached skill level 5 in Dodging
  4153 | D:6      | Reached XP level 9. HP: 44/82 MP: 8/8
  4556 | D:6      | Found a hazy altar of Hepliaklqana.
  4653 | D:6      | Found a shattered altar of Ashenzari.
  4733 | D:7      | Found a sacrificial altar of Ru.
  4806 | D:7      | Noticed Joseph
  4813 | D:7      | Killed Joseph
  4888 | D:7      | Reached skill level 5 in Throwing
  4918 | D:7      | Reached ***** piety under Trog
  4923 | D:7      | Got a shimmering leather armour
  4934 | D:7      | Identified the +2 leather armour of Kindness {*Drain MR++ rCorr Dex+4} (You took it off a kobold on level 7 of the Dungeon)
  5225 | D:8      | Noticed a two-headed ogre
  5226 | D:8      | Noticed a two-headed ogre
  5230 | D:8      | Killed a two-headed ogre
  5230 | D:8      | Reached skill level 10 in Fighting
  5230 | D:8      | Reached skill level 10 in Axes
  5230 | D:8      | Reached XP level 10. HP: 45/93 MP: 9/9
  5232 | D:8      | Killed a two-headed ogre
  5235 | D:8      | Noticed a two-headed ogre
  5237 | D:8      | Slain by a two-headed ogre

Skill      XL: |  1  2  3  4  5  6  7  8  9 |
---------------+----------------------------+-----
Axes           | 4 5 6 7 8 10 | 10.4
Fighting       | 4 5 6 7 8 10 | 10.4
Throwing       | 1 2 3 4 5 |  5.6
Armour         | 3 4 5 6 |  6.9
Dodging        | 3 4 5 6 |  6.7

Action                   |  1- 3 |  4- 6 |  7- 9 | 10-12 || total
-------------------------+-------+-------+-------+-------++-------
Melee: Hand axe          |    79 |    89 |       |       ||   168
       Headbutt          |    14 |    18 |    26 |     1 ||    59
       Executioner's axe |       |    10 |   154 |     3 ||   167
Invok: Trog's Hand       |     1 |     1 |       |       ||     2
       Berserk           |       |     2 |     1 |       ||     3
       Burn Spellbooks   |       |     1 |     1 |       ||     2
 Stab: Paralysed         |       |       |     1 |       ||     1
  Eat: Chunk             |     1 |     9 |     7 |       ||    17
Armor: Animal skin       |    37 |    16 |       |       ||    53
       Ring mail         |       |    14 |     4 |       ||    18
       Plate armour      |       |       |   152 |     3 ||   155
Dodge: Dodged            |    79 |    87 |   100 |     1 ||   267
